 Dungeon Crawl Stone Soup version 0.30-a0-122-g2a1322497e (webtiles) character file.

Game seed: 2928581143516454488

101 Mgcat the Digger (level 4, -2/24 HPs)
             Began as a Gargoyle Earth Elementalist on Sept 15, 2022.
             Slain by an iguana (11 damage)
             ... on level 4 of the Dungeon on Sept 16, 2022.
             The game lasted 00:07:48 (3115 turns).

Mgcat the Digger (Gargoyle Earth Elementalist)      Turns: 3115, Time: 00:07:49

Health: -2/24      AC:  7    Str: 11    XL:     4   Next: 75%
Magic:  2/8        EV: 11    Int: 18    God:
Gold:   122        SH:  0    Dex: 10    Spells: 4/8 levels left

rFire   . . .      SeeInvis .    j - +1 dagger (venom)
rCold   . . .      Faith    .    (no shield)
rNeg    + . .      Spirit   .    a - +0 robe
rPois   ∞          Reflect  .    (no helmet)
rElec   +          Harm     .    v - +1 cloak
rCorr   .          Rampage  .    (no gloves)
Will    .....                    (no boots)
Stlth   ++........               c - amulet of regeneration {+regen, !d}
HPRegen 0.88/turn                (no ring)
MPRegen 0.11/turn                (no ring)

@: no status effects
A: sickness immunity, AC +3, negative energy resistance 1, electricity
resistance, torment resistance 1, petrification resistance
a: no special abilities


You were on level 4 of the Dungeon.
You visited 1 branch of the dungeon, and saw 4 of its levels.

You collected 122 gold pieces.

Inventory:

Hand Weapons
 j - a +1 dagger of venom (weapon)
   (You found it on level 1 of the Dungeon)
Armour
 a - a +0 robe (worn)
 v - a +1 cloak (worn)
   (You found it on level 3 of the Dungeon)
Jewellery
 c - an amulet of regeneration (around neck) {+regen, !d}
   (You found it on level 1 of the Dungeon)
 n - a ring of ice {rC+, rF-}
   (You found it on level 1 of the Dungeon)
Wands
 u - a wand of paralysis (13)
   (You found it on level 3 of the Dungeon)
Scrolls
 d - 7 scrolls of identify {unknown}
 e - 2 scrolls of fog {unknown}
 g - a scroll of immolation {unknown}
 l - 2 scrolls of poison {unknown}
 m - a scroll of noise {unknown}
 o - a scroll of amnesia {unknown}
 p - 2 scrolls of teleportation {unknown}
 r - a scroll of summoning {unknown}
 s - a scroll of magic mapping {unknown}
 t - a scroll of vulnerability {unknown}
Potions
 b - 2 potions of magic
 f - 2 potions of lignification {unknown}
 h - a potion of might {unknown}
 i - a potion of cancellation {unknown}
 k - a potion of resistance {unknown}
 q - 2 potions of degeneration {unknown}


   Skills:
 - Level 1.5 Dodging
 + Level 3.5 Stealth
 + Level 2.9 Spellcasting
 + Level 1.2 Conjurations
 - Level 0.7 Transmutations
 + Level 4.6 Earth Magic


You had 4 spell levels left.
You knew the following spells:

 Your Spells              Type           Power      Damage    Failure   Level
a - Sandblast             Erth           38%        2d10      2%          1
b - Stone Arrow           Conj/Erth      26%        3d8       14%         3

Your spell library contained the following spells:

 Spells                   Type           Power      Damage    Failure   Level
 Passwall                 Tmut/Erth      10%        N/A       9%          2
 Petrify                  Tmut/Erth      12%        N/A       47%         4


Dungeon Overview and Level Annotations

Branches:
Dungeon (4/15)
 Temple: D:4-7

Altars:
Kikubaaqudgha
Makhleb
Sif Muna
The Shining One

Annotations:
D:3 3 runed translucent doors, Potemkin's ghost, weakling HuFi; p0werm0de's ghost, amateur MeCK


Innate Abilities, Weirdness & Mutations

You are immune to sickness and miasma.
Your stone body is resilient. (AC +3)
You are immune to poison.
You resist negative energy. (rN+)
You are resistant to electric shocks. (rElec)
You are resistant to unholy torment.
You are immune to petrification.


Message History

Unknown command.
Unknown command.
Unknown command.
Unknown command.
(D) Dungeon
Where to? (? - help)
What level of the Dungeon? (default 1, ? - help)
There is an open door here.
You open the door.
There is an open door here.
There is a stone staircase leading down here.
You climb downwards.
There is a stone staircase leading up here.
Saving game... please wait.
Options error: Bad object type '%}\|' for autopickup. (~/.crawlrc:1972) Bad channel name for runrest: 'Jiyva says: Divide and consume' Welcome back, Mgcat the Gargoyle Earth Elementalist.
Press ? for a list of commands and other information.
An orc comes into view. It is wielding a +0 mace.
An orc is nearby!
An orc is nearby!
An orc is nearby!
An orc is nearby!
An orc is nearby!
An orc is nearby!
Cast which spell? (? or * to list)
Aiming: Sandblast (safe; 2% risk of failure)
Press: ? - help, Shift-Dir - straight line, f - orc
Aim: an orc, wielding a +0 mace (asleep, 100% to hit)
The blast of sand hits the orc!
You kill the orc!
You now have 7/8 mp.
Magic restored.
l - 2 scrolls labelled VIALAD UMAIJE (gained 1)
You see here a +0 mace.
A hobgoblin comes into view.
MP restored: 8 A hobgoblin is nearby!
A hound comes into view.
The hobgoblin shouts!
You hear an angry hiss. x2
An iguana comes into view.
Casting: Sandblast (safe; 2% risk of failure)
Confirm with . or Enter, or press ? or * to list all spells.
Aiming: Sandblast (safe; 2% risk of failure)
Press: ? - help, Shift-Dir - straight line, f - hobgoblin
Aim: a hobgoblin (82% to hit)
The blast of sand hits the hobgoblin.
You kill the hobgoblin!
A ball python comes into view.
You now have 7/8 mp.
Casting: Sandblast (safe; 2% risk of failure)
Confirm with . or Enter, or press ? or * to list all spells.
Aiming: Sandblast (safe; 2% risk of failure)
Press: ? - help, Shift-Dir - straight line, f - iguana
Aim: an iguana (84% to hit)
The blast of sand hits the iguana.
The iguana is moderately wounded.
Casting: Sandblast (safe; 2% risk of failure)
Confirm with . or Enter, or press ? or * to list all spells.
Aiming: Sandblast (safe; 2% risk of failure)
Press: ? - help, Shift-Dir - straight line, f/p - iguana
Aim: an iguana (moderately wounded, 84% to hit)
The blast of sand hits the iguana but does no damage.
The iguana is moderately wounded.
You now have 6/8 mp.
Casting: Sandblast (safe; 2% risk of failure)
Confirm with . or Enter, or press ? or * to list all spells.
Aiming: Sandblast (safe; 2% risk of failure)
Press: ? - help, Shift-Dir - straight line, f/p - iguana
Aim: an iguana (moderately wounded, 84% to hit)
The blast of sand hits the iguana.
The iguana is heavily wounded.
The iguana bites you but does no damage.
You now have 5/8 mp.
Casting: Sandblast (safe; 2% risk of failure)
Confirm with . or Enter, or press ? or * to list all spells.
Aiming: Sandblast (safe; 2% risk of failure)
Press: ? - help, Shift-Dir - straight line, f/p - iguana
Aim: an iguana (heavily wounded, 84% to hit)
The blast of sand hits the iguana!
The iguana is almost dead.
The iguana closely misses you. The iguana bites you.
You take 5 damage, and have 19/24 hp.
MASSIVE DAMAGE!!
You now have 4/8 mp.
Casting: Sandblast (safe; 2% risk of failure)
Confirm with . or Enter, or press ? or * to list all spells.
Aiming: Sandblast (safe; 2% risk of failure)
Press: ? - help, Shift-Dir - straight line, f/p - iguana
Aim: an iguana (almost dead, 84% to hit)
The blast of sand misses the iguana.
The iguana bites you!
Ouch! That really hurt!
You take 11 damage, and have 8/24 hp.
MASSIVE DAMAGE!!
You now have 3/8 mp.
Casting: Sandblast (safe; 2% risk of failure)
Confirm with . or Enter, or press ? or * to list all spells.
Aiming: Sandblast (safe; 2% risk of failure)
Press: ? - help, Shift-Dir - straight line, f/p - iguana
Aim: an iguana (almost dead, 84% to hit)
The blast of sand hits the iguana.
The iguana is almost dead.
The iguana bites you!
You die...

#...# ..# .
#...##.).# ..
#...<....## ......
#...##.....#
..$....##........#.#
#..........##.....
.. #.....##...#
.#### . ..#..###..##
# #. #.#..#l@..#
#..#. #...##.#
#..#.##..###..#
.##...............
..........##..##.#.
..........# ..# .#
..
...........).....# .
.....†..#........
...#.............#


You could see an iguana.

Vanquished Creatures
  A gnoll (D:1)
  2 adders (D:3)
  2 worms
  A dart slug (D:3)
  2 orcs
  3 bats
  5 endoplasms
  3 giant cockroaches
  6 goblins
  9 hobgoblins
  4 jackals
  4 kobolds
  3 quokkas
  6 ball pythons
  2 frilled lizards
  4 rats
57 creatures vanquished.

Vanquished Creatures (others)
  2 fungi (D:3)
  22 plants
24 creatures vanquished.

Grand Total: 81 creatures vanquished

Notes
Turn   | Place    | Note
-------+----------+-------------------------------------------
     0 | D:1      | Mgcat the Gargoyle Earth Elementalist began the quest for
                  | the Orb.
     0 | D:1      | Reached XP level 1. HP: 10/10 MP: 3/3
   357 | D:1      | Reached skill level 4 in Earth Magic
   357 | D:1      | Reached XP level 2. HP: 15/15 MP: 0/5
   582 | D:1      | Reached XP level 3. HP: 19/19 MP: 3/6
   719 | D:1      | Reached skill level 3 in Stealth
   997 | D:1      | Learned a level 3 spell: Stone Arrow
  1244 | D:2      | Found a shimmering blue altar of Sif Muna.
  1973 | D:2      | Reached XP level 4. HP: 24/24 MP: 5/7
  2274 | D:3      | Found a burning altar of Makhleb.
  2275 | D:3      | Found an ancient bone altar of Kikubaaqudgha.
  2439 | D:3      | Found a faded altar of an unknown god.
  2489 | D:3      | Reached skill level 1 in Conjurations
  2970 | D:3      | Found a runed translucent gate.
  2970 | D:3      | Found a runed translucent gate.
  2970 | D:3      | Noticed Potemkin's ghost (weakling HuFi)
  2973 | D:3      | Found a runed translucent gate.
  2973 | D:3      | Noticed p0werm0de's ghost (amateur MeCK)
  2975 | D:3      | Noticed p0werm0de's ghost (amateur MeCK)
  2975 | D:3      | Noticed p0werm0de's ghost (amateur MeCK)
  3008 | D:3      | Found a glowing golden altar of the Shining One.
  3115 | D:4      | Slain by an iguana

Illustrated notes

Levels and vault maps discovered:
D:1:      dpeg_arrival_morbid_curiosity, layout_basic, nicolae_grassy_gnolls
D:2:      layout_basic, basic_altar, minivault_19
D:3:      layout_loops_corners, gammafunk_temple_overflow_statue,
          tso_oasis_becter, shapermc_ecumenical_altar_mp_urbaneastern,
          gammafunk_ghost_cemetery
D:4:      minmay_clustersquares, layout_rooms, minmay_temple_entry_grid

Skill      XL: |  1  2  3  4 |
---------------+-------------+-----
Earth Magic    | 4 |  4.6
Stealth        | 3 |  3.5
Conjurations   | 1 |  1.2
Dodging        | |  1.5
Spellcasting   | |  2.9
Transmutations | |  0.7

Action                   |  1- 3 |  4- 6 || total
-------------------------+-------+-------++-------
Melee: Dagger            |     3 |       ||     3
 Cast: Sandblast         |    52 |    32 ||    84
 Stab: Sleeping          |     1 |       ||     1
Armor: Robe              |     4 |     4 ||     8
Dodge: Dodged            |     9 |     2 ||    11

Table legend: (Time is in decaauts)
 A = Elapsed time spent in this place.
 B = Non-inter-level travel time spent in this place.
 C = Inter-level travel time spent in this place.
 D = Time resting spent in this place.
 E = Time spent auto-exploring this place.
 F = Levels seen in this place.
 G = Mean time per level.
                   A        B        C        D        E       F      G
               +--------+--------+--------+--------+--------+-----+--------+
         Total |   3154 |   3069 |     85 |    138 |   2537 |   4 |  788.5 |
       Dungeon |   3154 |   3069 |     85 |    138 |   2537 |   4 |  788.5 |
               +--------+--------+--------+--------+--------+-----+--------+

Top non-repeatable levels by time:
     D:1: 1214 daAuts
     D:3: 1008 daAuts
     D:2: 890 daAuts
     D:4: 41 daAuts

Table legend:
 A = Kills in this place as a percentage of kills in entire the game.
 B = Kills by you in this place as a percentage of kills by you in the entire game.
 C = Kills by friends in this place as a percentage of kills by friends in the entire game.
 D = Other kills in this place as a percentage of other kills in the entire game.
 E = Experience gained in this place as a percentage of experience gained in the entire game.
 F = Experience gained in this place divided by the number of levels of this place that you have seen.
                   A       B       C       D       E      F
               +-------+-------+-------+-------+-------+----------------------
         Total | 100.0 | 100.0 |   N/A |   N/A | 100.0 |  36.2
       Dungeon | 100.0 | 100.0 |   N/A |   N/A | 100.0 |  36.2
               +-------+-------+-------+-------+-------+----------------------
